AoeStats
← 老鼠踢皮球

Arabia

506370180Analyzed
1v1 RM · 20d ago on Sep 13, 2026· 49m 23s· 2 players
Game mode
Random Map
Map size
Tiny (2 player)
Population
200
Speed
Normal
Resources
Standard
Victory
Conquest
Starting age
Dark Age
Ending age
Imperial Age
RankedLock teamsTeams togetherTeam positionsShared explorationLock speedFull tech treeHidden civsTurbo modeCheats
Victory
Defeat
🇹🇼 Gurjaras · Taiwan
1108
+15
🇪🇸 Poles · Spain
1086
-15
DarthHugo96
5:05 Loom
9:11 Feudal Age
12:08 Town Watch
22:33 Castle Age
23:02 Crossbowman
24:17 Double-Bit Axe
25:13 Fletching
29:10 Bloodlines
30:09 Pikeman
34:58 Forging
35:43 Town Patrol
36:22 Wheelbarrow
35:32 Horse Collar
46:25 Squires
48:52 Elite Skirmisher
老鼠踢皮球
9:41 Feudal Age
7:57 Loom
11:02 Double-Bit Axe
12:00 Horse Collar
12:00 Man-at-Arms
12:40 Arson
17:37 Wheelbarrow
21:35 Castle Age
21:32 Forging
21:28 Scale Barding Armor
22:25 Scale Mail Armor
23:03 Iron Casting
22:48 Bloodlines
22:39 Husbandry
23:06 Heavy Plow
23:43 Bow Saw
27:22 Fletching
28:27 Light Cavalry
33:12 Hand Cart
34:01 Gold Mining
34:13 Stone Mining
38:37 Scale Mail Armor
38:33 Bodkin Arrow
38:59 Chain Barding Armor
39:22 Kshatriyas
40:19 Masonry
40:05 Murder Holes
40:32 Ballistics
44:47 Imperial Age
44:05 Chain Mail Armor
43:51 Padded Archer Armor
44:38 Town Watch
45:51 Conscription
44:52 Elite Chakram Thrower
46:39 Chemistry
46:49 Crop Rotation
46:47 Elite Shrivamsha Rider
48:49 Architecture
50:33 Hoardings
Connection lost

Rejoining the realm…

Still unreachable

The connection could not be restored.

Session expired

The server has moved on; the page needs a fresh start.